 Dungeon Crawl Stone Soup version 0.28.0 (webtiles) character file.

Game seed: 16599313023383935297

2216 issech the Cudgeller (level 9, -4/79 HPs)
             Began as a Troll Monk on Feb 17, 2022.
             Was a Priest of Hepliaklqana.
             Slain by a slime creature (16 damage)
             ... on level 7 of the Dungeon.
             The game lasted 00:22:21 (5163 turns).

issech the Cudgeller (Troll Monk)                   Turns: 5163, Time: 00:22:23

Health: -4/79      AC:  4    Str: 21    XL:     9   Next: 13%
Magic:  8/8        EV: 12    Int:  6    God:    Hepliaklqana [***...]
Gold:   248        SH:  0    Dex: 16    Spells: 8/8 levels left

rFire   . . .      SeeInvis .   G - +1 giant spiked club (protect)
rCold   . . .      Faith    .   (shield currently unavailable)
rNeg    . . .      Spirit   .   p - +0 animal skin
rPois   .          Reflect  .   (helmet restricted)
rElec   .          Harm     .   (no cloak)
rCorr   .          Rampage  .   (gloves unavailable)
Will    .....                   (boots unavailable)
Stlth   ++........              (no amulet)
HPRegen 1.03/turn               (no ring)
MPRegen 0.11/turn               (no ring)

@: studying Maces & Flails
A: reduced essence, large, unfitting armour, claws 3, regeneration 1, shaggy fur
1, tough skin 1
a: Renounce Religion, Recall Ancestor, Ancestor Identity, Transference


You were on level 7 of the Dungeon.
You worshipped Hepliaklqana.
Hepliaklqana was most pleased with you.
You visited 2 branches of the dungeon, and saw 8 of its levels.

You collected 248 gold pieces.

Inventory:

Hand Weapons
 a - a +0 mace
 g - a +0 whip of venom
 l - a +5 scythe of protection
 n - a +0 hunting sling
 o - a +2 dagger of venom
 r - a +1 vorpal trident
 C - a +1 vampiric spear
 G - a +1 giant spiked club of protection (weapon)
 L - a +1 short sword of venom
Missiles
 c - 264 stones (quivered)
 d - 137 arrows
 f - 67 bolts
 h - 65 sling bullets
 w - 24 poisoned darts
 D - 6 javelins
 J - 3 boomerangs
 M - a curare-tipped dart
Armour
 b - a +0 robe
 p - a +0 animal skin (worn)
Magical Staves
 y - a staff of poison
Wands
 k - a wand of iceblast (3)
 q - a wand of flame (19)
 v - a wand of paralysis (19)
 I - a wand of acid (6)
Scrolls
 e - 2 scrolls of immolation
 i - a scroll of torment
 j - a scroll of teleportation
 u - a scroll of blinking
 x - a scroll of fog
 A - a scroll of brand weapon
Potions
 m - a potion of berserk rage {unknown}
 s - a potion of resistance {unknown}
 t - 2 potions of attraction {unknown}
 z - a potion of degeneration {unknown}
 B - a potion of ambrosia {unknown}
 E - a potion of might {unknown}
 F - 2 potions of flight {unknown}
 H - a potion of heal wounds {unknown}
 K - a potion of invisibility {unknown}


   Skills:
 + Level 5.0 Fighting
 + Level 7.6 Maces & Flails
 + Level 3.9 Polearms
 + Level 5.5 Dodging
 + Level 2.6 Stealth


You had 8 spell levels left.
You didn't know any spells.
Your spell library contained the following spells:

 Spells                   Type           Power      Damage    Failure   Level
 Apportation              Tloc           0%         N/A       45%         1
 Foxfire                  Conj/Fire      0%         2x1d4     45%         1
 Sandblast                Erth           0%         2d4       45%         1
 Shock                    Conj/Air       0%         1d3       45%         1
 Corpse Rot               Necr/Air       0%         N/A       58%         2
 Passwall                 Tmut/Erth      0%         N/A       58%         2
 Conjure Flame            Conj/Fire      0%         6-21      83%         3
 Inner Flame              Hex/Fire       0%         N/A       83%         3
 Stone Arrow              Conj/Erth      0%         3d7       83%         3
 Swiftness                Air            0%         N/A       83%         3
 Airstrike                Air            0%         N/A       99%         4
 Dispel Undead            Necr           0%         3d6       99%         4
 Flame Wave               Conj/Fire      0%         2d4       99%         4
 Alistair's Intoxication  Tmut/Pois      0%         N/A       100%        5
 Death Channel            Necr           0%         N/A       100%        6


Dungeon Overview and Level Annotations

Branches:
Dungeon (7/15)             Temple (1/1) D:5

Altars:
Cheibriados
Dithmenos
Fedhas
Hepliaklqana
Kikubaaqudgha
Nemelex Xobeh
Ru
Sif Muna
Uskayaw
Vehumet
Xom
Yredelemnul
Zin

Shops:
D:4 =(!   D:5 *==[[   D:6 *


Innate Abilities, Weirdness & Mutations

Your life essence is reduced to manifest your ancestor. (-10% HP)
You are too large for most types of armour.
You have claws for hands.
Your natural rate of healing is unusually fast.
You are covered in fur. (AC +1)
You have tough skin. (AC +1)


Message History

Two slime creatures merge to form a large slime creature.
You swap places.
Cipactli hits the large slime creature with a +0 quarterstaff!
Cipactli hits the large slime creature with a +0 quarterstaff!!
The large slime creature hits Cipactli!!
Cipactli is destroyed!
There is an open door here.
Two slime creatures merge to form a large slime creature.
You see here a +0 short sword.
There is an open gate here.
The endoplasm jiggles.
The endoplasm closely misses you.
You bludgeon the endoplasm!!
Your weapon exudes an aura of protection.
You kill the endoplasm!
You thump the slime creature!
The slime creature is moderately wounded.
The slime creature hits you.
The slime creature hits you but does no damage.
You hit the slime creature.
The slime creature is moderately wounded.
The slime creature barely misses you.
You sock the slime creature!
The slime creature is heavily wounded.
The slime creature hits you but does no damage.
Two slime creatures merge to form a large slime creature.
The large slime creature hits you!!
You hit the large slime creature.
Your weapon exudes an aura of protection.
The large slime creature is moderately wounded.
A large slime creature splits.
The slime creature hits you!
You barely miss the slime creature.
The slime creature is moderately wounded.
The slime creature hits you!
* * * LOW HITPOINT WARNING * * *
The slime creature hits you!
* * * LOW HITPOINT WARNING * * *
The slime creature hits you!
You die...

#.# #.# #.# ##.#### #.# #.....
#.# ##...## #.# #.....## #.#
#......##.#
###.########J..##.....
#...........J@.......#
#.############.####### #.# #.#
#.# #.# ###.### #.#
#.....##########.#
##J''###......##.#
##).)####.....##.##########
##.))).###.....##.##..[<...####


You could see 2 slime creatures.

Vanquished Creatures
  A slime creature (D:7)
  Sigmund (D:2)
  An orc warrior (D:6)
  A necrophage (D:7)
  A sky beast (D:4)
  A scorpion (D:5)
  A wyvern skeleton (D:7)
  3 howler monkeys
  A centaur zombie (D:4)
  A bullfrog zombie (D:6)
  A jelly (D:6)
  2 iguanas
  An orc wizard (D:3)
  A killer bee zombie (D:5)
  A hound skeleton (D:5)
  Robin (D:3)
  4 gnolls (D:5)
  A howler monkey skeleton (D:5)
  3 adders
  An adder skeleton (D:4)
  A worm (D:2)
  3 dart slugs
  9 orcs
  6 ball pythons
  9 endoplasms
  2 giant cockroaches
  15 goblins
  4 hobgoblins
  6 jackals
  3 quokkas
  9 bats
  3 frilled lizards (D:2)
  6 kobolds
  8 rats
112 creatures vanquished.

Vanquished Creatures (collateral kills)
  A water moccasin (D:5)
  2 sky beasts
  An ogre (D:5)
  3 kobold brigands (D:7)
  A scorpion (D:7)
  A jelly (D:6)
  A centaur zombie (D:5)
  A bullfrog zombie (D:6)
  An orc priest (D:6)
  A hound (D:5)
  2 orc wizards (D:6)
  3 gnolls (D:5)
  2 adders (D:5)
  A white imp (D:7)
  An ufetubus (D:6)
  An adder skeleton (D:5)
  3 orcs
  4 kobolds (D:7)
30 creatures vanquished.

Vanquished Creatures (others)
  A sky beast (D:6)
  A battlemage (D:7)
  2 fungi (D:7)
  9 toadstools (D:7)
13 creatures vanquished.

Grand Total: 155 creatures vanquished

Notes
Turn   | Place    | Note
-------+----------+-------------------------------------------
     0 | D:1      | issech the Troll Monk began the quest for the Orb.
     0 | D:1      | Reached XP level 1. HP: 22/22 MP: 0/0
    85 | D:1      | Found a faded altar of an unknown god.
   150 | D:1      | Reached XP level 2. HP: 29/29 MP: 1/1
   189 | D:1      | Reached skill level 3 in Maces & Flails
   367 | D:1      | Reached XP level 3. HP: 34/36 MP: 2/2
   900 | D:2      | Noticed Sigmund
   916 | D:2      | Killed Sigmund
   917 | D:2      | Reached skill level 4 in Maces & Flails
   917 | D:2      | Reached XP level 4. HP: 32/45 MP: 3/3
   917 | D:2      | Reached XP level 5. HP: 37/53 MP: 4/4
  1495 | D:3      | Reached XP level 6. HP: 61/61 MP: 5/5
  1622 | D:3      | Noticed Robin
  1644 | D:3      | Killed Robin
  2105 | D:4      | Found Vyid's Weapon Shop.
  2125 | D:4      | Noticed a sky beast
  2154 | D:4      | Killed a sky beast
  2219 | D:4      | Found Zonyotz's Jewellery Shoppe.
  2442 | D:4      | Found Xoph's Distillery.
  2863 | D:5      | Entered Level 5 of the Dungeon
  2910 | D:5      | Found Leadghut's Antique Armour Boutique.
  2968 | D:5      | Reached XP level 7. HP: 16/67 MP: 6/6
  3042 | D:5      | Reached skill level 5 in Maces & Flails
  3146 | D:5      | Found a staircase to the Ecumenical Temple.
  3177 | D:5      | Reached skill level 1 in Polearms
  3181 | Temple   | Entered the Ecumenical Temple
  3238 | Temple   | Became a worshipper of Hepliaklqana the Forgotten
  3238 | Temple   | Reached * piety under Hepliaklqana
  3238 | Temple   | Reached ** piety under Hepliaklqana
  3239 | Temple   | Remembered your ancestor Cipactli as a battlemage
  3274 | D:5      | Found Icvodd's General Store.
  3295 | D:5      | Found Vaitoth's Jewellery Shop.
  3324 | D:5      | Found Zun Sacs's Jewellery Shoppe.
  3644 | D:5      | Found Nit Tipa's Antique Armour Emporium.
  3874 | D:5      | Identified a scroll of acquirement
  3874 | D:5      | Acquired a manual of Maces & Flails
  3993 | D:6      | Found Gochu's Goods Gallery.
  3998 | D:6      | Reached XP level 8. HP: 60/70 MP: 7/7
  4000 | D:6      | Reached skill level 5 in Dodging
  4601 | D:6      | Reached *** piety under Hepliaklqana
  4778 | D:7      | Reached skill level 6 in Maces & Flails
  5021 | D:7      | Reached skill level 7 in Maces & Flails
  5021 | D:7      | Reached XP level 9. HP: 70/78 MP: 8/8
  5112 | D:7      | Reached skill level 5 in Fighting
  5163 | D:7      | Slain by a slime creature

Illustrated notes

Levels and vault maps discovered:
D:1:      kennysheep_arrival_seaside, layout_rooms,
          hellmonk_ecumenical_altar_blasted
D:2:      layout_rooms, chequers_serial_rivers_small_b, mrwooster_statue_mirror,
          st_stairs_9, uniq_sigmund
D:3:      layout_basic, uniq_robin
D:4:      layout_loops_ring, serial_shops, shop, shop, nicolae_shop_trees
D:5:      minmay_spotlight, layout_loops_cross, minmay_temple_entry_wispy,
          serial_shops, nicolae_shop_trees, nicolae_shop_advertising_works
          [nicolae_subvault_shop_adworks], nicolae_shop_crystal,
          nicolae_diamond_shop, shop
D:6:      layout_loops_cross, nicolae_alphabet_shops, minmay_misc_feat_tower
D:7:      cheibrodos_fertilizer, layout_loops_corners, tso_metal_star,
          grunt_temple_overflow_open, kennysheep_another_room, uniq_pikel,
          uniq_duvessa
Temple:   nicolae_temple_god_jail

Skill      XL: |  1  2  3  4  5  6  7  8  9 |
---------------+----------------------------+-----
Maces & Flails | 3 4 5 7 |  7.6
Dodging        | 3 4 5 |  5.5
Fighting       | 3 4 5 |  5.0
Polearms       | 2 3 |  3.9
Stealth        | 2 |  2.6

Action                   |  1- 3 |  4- 6 |  7- 9 || total
-------------------------+-------+-------+-------++-------
Melee: Mace              |    90 |       |       ||    90
       Whip              |    45 |   147 |       ||   192
       Punch             |       |     5 |       ||     5
       Scythe            |       |    11 |    41 ||    52
       Giant spiked club |       |       |    70 ||    70
Throw: Stone             |     1 |       |       ||     1
Invok: Ancestor Life: Ba |       |       |     1 ||     1
  Use: Scroll            |       |     2 |     5 ||     7
 Stab: Sleeping          |     2 |     1 |     1 ||     4
       Distracted        |       |       |     2 ||     2
Armor: Robe              |    84 |    20 |       ||   104
       Animal skin       |       |    38 |    46 ||    84
Dodge: Dodged            |   145 |    96 |    95 ||   336
